 Dungeon Crawl Stone Soup version 0.28-a0-661-g144af121cd (webtiles) character file.

Game seed: 650078155365110242

10459 Lekart the Agent of Entropy (level 11, -18/93 HPs)
             Began as a Pale Draconian Abyssal Knight on Sept 22, 2021.
             Was a Priest of Lugonu.
             Demolished by a wyvern (23 damage)
             ... on level 10 of the Dungeon on Oct 14, 2021.
             The game lasted 00:25:51 (11010 turns).

Lekart the Agent of Entropy (DrAK)                 Turns: 11010, Time: 00:25:52

Health: -18/93     AC:  9    Str: 25    XL:     11   Next: 36%
Magic:  12/18      EV: 17    Int:  8    God:    Lugonu [***...]
Gold:   301        SH:  6    Dex: 22    Spells: 13/16 levels left

rFire   . . .      SeeInvis .   v - +9 scimitar of Honour {drain, Str+8 Dex+6}
rCold   . . .      Faith    .   b - +0 buckler
rNeg    . . .      Spirit   .   (armour unavailable)
rPois   .          Reflect  .   (helmet restricted)
rElec   +          Harm     .   (no cloak)
rCorr   .          Rampage  .   h - +1 pair of gloves
Will    .....                   (no boots)
Stlth   ++........              i - amulet of regeneration
HPRegen 1.25/turn               f - ring of flight
MPRegen 0.16/turn               (no ring)

@: flying
A: breathe steam, AC +7, unfitting armour, cold-blooded, steam resistance,
hooves 1, agile 1, dopey 1, electricity resistance
a: Breathe Steam, Renounce Religion, Depart the Abyss, Bend Space, Banish


You were on level 10 of the Dungeon.
You worshipped Lugonu.
Lugonu was most pleased with you.
You visited 1 branch of the dungeon, and saw 10 of its levels.
You visited the Abyss 1 time.
You also visited: Bailey.

You collected 535 gold pieces.
You spent 234 gold pieces at shops.

Inventory:

Hand Weapons
 a - a +1 falchion
 l - a +0 scimitar of flaming
 s - a +2 hand crossbow of flaming
 v - the +9 scimitar of Honour (weapon) {drain, Str+8 Dex+6}
   (You bought it in a shop on level 4 of the Dungeon)

   A truly terrible weapon, it drains the life of any living foe it strikes.
   Str:       It affects your strength (+8).
   Dex:       It affects your dexterity (+6).
 B - the +9 whip "Ocepehal" {vorpal, rC+}
   (You found it on level 9 of the Dungeon)

   It inflicts extra damage upon your enemies.
   rC:        It protects you from cold.
Missiles
 x - 349 bolts
Armour
 b - a +0 buckler (worn)
 h - a +1 pair of gloves (worn)
Jewellery
 f - a ring of flight (left hand)
 i - an amulet of regeneration (around neck)
 m - a ring of ice
 p - a ring of fire
Wands
 j - a wand of iceblast (21)
 n - a wand of mindburst (23)
 t - a wand of acid (18)
 u - a wand of flame (33)
 w - a wand of paralysis (4)
Scrolls
 d - 5 scrolls of teleportation
 e - 4 scrolls of fear
 k - 3 scrolls of blinking
 q - a scroll of fog
 y - 2 scrolls of enchant armour
 A - a scroll of magic mapping
 C - a scroll of summoning
Potions
 c - a potion of haste {unknown}
 g - a potion of heal wounds
 o - 2 potions of curing
 r - 3 potions of flight
 z - a potion of ambrosia
 D - a potion of attraction {unknown}


   Skills:
 + Level 7.7 Fighting
 + Level 9.2 Long Blades
 + Level 5.1 Crossbows
 + Level 6.8 Dodging
 - Level 0.1 Stealth
 + Level 4.4 Shields
 * Level 3.2 Spellcasting
 * Level 2.9 Ice Magic
 * Level 9.7 Invocations
 + Level 0.5 Evocations


You had 13 spell levels left.
You knew the following spells:

 Your Spells              Type           Power      Damage    Failure   Level
a - Ozocubu's Armour      Ice            5%         N/A       28%         3

Your spell library contained the following spells:

 Spells                   Type           Power      Damage    Failure   Level
 Foxfire                  Conj/Fire      4%         2x1d4     32%         1
 Call Canine Familiar     Summ           1%         N/A       67%         3
 Conjure Flame            Conj/Fire      1%         6-21      67%         3
 Inner Flame              Hex/Fire       1%         N/A       67%         3
 Portal Projectile        Hex/Tloc       2%         N/A       67%         3
 Airstrike                Air            0%         N/A       97%         4
 Flame Wave               Conj/Fire      1%         3d3       97%         4
 Leda's Liquefaction      Hex/Erth       0%         N/A       97%         4
 Summon Lightning Spire   Summ/Air       1%         N/A       97%         4
 Metabolic Englaciation   Hex/Ice        1%         N/A       99%         5
 Lightning Bolt           Conj/Air       0%         1d11      100%        5
 Simulacrum               Ice/Necr       1%         N/A       100%        6
 Storm Form               Tmut/Air       0%         N/A       100%        7
 Maxwell's Capacitive Co  Air            0%         ∞         100%        8


Dungeon Overview and Level Annotations

Branches:
Dungeon (10/15)            Temple (0/1) D:6          Bailey (visited)
   Lair: D:8-11         Orc: D:9-12

Altars:
Cheibriados
Elyvilon
Gozag
Hepliaklqana
Kikubaaqudgha
Makhleb
Okawaru
Qazlal
Ru
Trog
Wu Jian
Xom
Yredelemnul

Shops:
D:4 (   D:5 =   D:9 (

Annotations:
D:5 exclusion: downstairs
D:10 Heedrag's ghost, novice DECj
Abyss:1 Prince Ribbit; gonz's ghost, novice DrCj


Innate Abilities, Weirdness & Mutations

You can breathe blasts of scalding, opaque steam.
Your pale cyan-grey scales are hard. (AC +7)
You cannot fit into any form of body armour.
You are cold-blooded and may be slowed by cold attacks.
You are immune to the effects of steam.
You have large cloven feet.
You are agile. (Dex +2)
You are dopey. (Int -2)
You are resistant to electric shocks. (rElec)


Message History

Heedrag's ghost threatens, "I'm fresh out of hellfire, but you will end anyway."
Heedrag's ghost hits you but does no damage.
You are poisoned.
The yak closely misses you.
The water moccasin bites you but does no damage.
You feel sick.
The acid dragon roars!
The yak gores you but does no damage. The moth of wrath bites you.
You feel sick. The moth of wrath misses you.
You hear an angry hiss.
You feel sick. The wyvern bites you!
Heedrag's ghost shouts, "You will never get the ORB!"
The wyvern completely misses you.
Heedrag's ghost hits you but does no damage.
You feel sick.
The moth of wrath goads the wyvern on!
The wyvern goes berserk!
The wyvern barely misses you.
There is a transporter here.
You enter the transporter and appear at another place.
You feel sick. The wyvern bites you!
You hear a bellow!
The yak gores you. The wyvern completely misses you.
You feel sick. The wyvern barely misses you.
The yak gores you but does no damage.
The wyvern bites you but does no damage.
You block the yak's attack. The wyvern bites you!
You feel sick. You block the wyvern's attack. The wyvern barely misses you.
The yak gores you!!
* * * LOW HITPOINT WARNING * * *
You feel sick.
You are no longer poisoned.
You block the wyvern's attack. x2
The wyvern rages.
The wyvern barely misses you. You block the yak's attack.
You block the wyvern's attack.
You hear a bellow!
The wyvern bites you!!
* * * LOW HITPOINT WARNING * * *
You hear a bellow!
The wyvern bites you!!
You die...

#############
######....l@.....###########
#####.........Y......#..........
#....)####©###.......#..........
##.#####..###Y##......#..........
#..#....#Sy.lD.##.....#..########
#.##...#..Y#y...#...###..#.......
#.#......#..##..#...#....'..###..
#.#..##..©..#...#...#....#..# #..
#.#.....#.....#.##..#....########


You could see a yak (berserk) and a wyvern (berserk).

Vanquished Creatures
  Erica (D:9)
  A cyclops (D:9)
  A kobold demonologist (D:9)
  A shadow (D:10)
  A wraith (D:9)
  Sigmund (D:3)
  2 wyverns (D:9)
  A water moccasin (D:6)
  11 orc warriors
  An ice beast (D:5)
  3 black bears
  2 necrophages
  2 ogres
  A centaur (D:9)
  3 phantoms
  16 kobold brigands
  4 bullfrogs
  A wyvern zombie (D:7)
  2 water moccasin zombies
  11 killer bees
  3 howler monkeys
  2 bullfrog zombies
  3 centaur zombies
  An orc priest (D:8)
  A bullfrog skeleton (D:7)
  A hound (D:7)
  2 jellies (D:5)
  An iron imp (D:10)
  Jessica (D:3)
  4 orc wizards
  Natasha (thrice) (D:3)
  5 iguanas
  A killer bee zombie (D:5)
  A hound zombie (D:5)
  A howler monkey zombie (D:7)
  A howler monkey skeleton (D:7)
  8 adders
  2 white imps
  3 worms
  2 dart slugs
  31 orcs
  8 ball pythons
  2 endoplasms
  2 giant cockroaches
  A hobgoblin (D:1)
  4 jackals
  4 quokkas
  7 bats
  5 frilled lizards
  18 goblins
  18 kobolds
  3 rats
  2 butterflies (D:6)
217 creatures vanquished.

Vanquished Creatures (collateral kills)
  A kobold (D:7)
1 creature vanquished.

Vanquished Creatures (others)
  An orc wizard (D:8)
  A plant (D:4)
2 creatures vanquished.

Grand Total: 220 creatures vanquished

Notes
Turn   | Place    | Note
-------+----------+-------------------------------------------
     0 | Abyss:1  | Lekart the Draconian Abyssal Knight began the quest for the
                  | Orb.
     0 | Abyss:1  | Reached XP level 1. HP: 19/19 MP: 2/2
    48 | Abyss:2  | Noticed a large abomination
    75 | D:1      | Escaped the Abyss
   357 | D:1      | Found a faded altar of an unknown god.
   421 | D:1      | Reached * piety under Lugonu
   441 | D:1      | Reached XP level 2. HP: 26/26 MP: 3/3
  1334 | D:2      | Reached XP level 3. HP: 21/33 MP: 4/4
  2155 | D:3      | Found a shimmering altar of Xom.
  2184 | D:3      | Noticed Natasha
  2194 | D:3      | Killed Natasha
  2195 | D:3      | Reached XP level 4. HP: 23/40 MP: 5/5
  2336 | D:3      | Reached ** piety under Lugonu
  2468 | D:3      | Noticed Natasha
  2477 | D:3      | Killed Natasha
  2599 | D:3      | Found an ornate altar of the Wu Jian Council.
  2608 | D:3      | Found an ancient bone altar of Kikubaaqudgha.
  2656 | D:3      | Noticed a spectral centipede
  2656 | D:3      | Noticed a spectral black mamba
  2656 | D:3      | Noticed a spectral cane toad
  3033 | D:3      | Noticed Jessica
  3034 | D:3      | Noticed Sigmund
  3037 | D:3      | Noticed Natasha
  3163 | D:3      | Killed Sigmund
  3164 | D:3      | Reached skill level 1 in Shields
  3164 | D:3      | Reached XP level 5. HP: 22/46 MP: 5/7
  3164 | D:3      | Reached XP level 6. HP: 25/52 MP: 5/8
  3175 | D:3      | HP: 2/52 [Jessica (4)]
  3176 | D:3      | Killed Jessica
  3541 | D:3      | Killed Natasha
  3816 | D:3      | Upgraded the game from 0.28-a0-512-g960c72b710 to
                  | 0.28-a0-661-g144af121cd
  3974 | D:4      | Found Qoomaqush's Antique Weapon Emporium.
  4242 | D:4      | Found a bloodstained altar of Trog.
  4546 | D:5      | Entered Level 5 of the Dungeon
  4570 | D:5      | Reached skill level 5 in Long Blades
  4570 | D:5      | Your scales start taking on a pale cyan-grey colour.
  4570 | D:5      | Reached XP level 7. HP: 37/60 MP: 9/9
  4570 | D:5      | Gained mutation: You are immune to the effects of steam.
                  | [Pale Draconian growth]
  5025 | D:5      | Found a sacrificial altar of Ru.
  5072 | D:5      | Reached *** piety under Lugonu
  5073 | D:5      | Reached skill level 5 in Fighting
  5299 | D:5      | Reached XP level 8. HP: 68/68 MP: 11/11
  5341 | D:5      | Found Jugit's Jewellery Emporium.
  5772 | D:6      | Noticed a manticore
  5907 | D:6      | Reached skill level 5 in Invocations
  6101 | D:6      | Found a runed translucent door.
  6102 | D:6      | Noticed gonz's ghost (novice DrCj)
  6227 | D:6      | Reached skill level 5 in Dodging
  6241 | D:6      | Found a staircase to the Ecumenical Temple.
  6472 | D:6      | Found a hazy altar of Hepliaklqana.
  6517 | D:6      | Found a stormy altar of Qazlal.
  6524 | D:6      | Banished a manticore
  6525 | D:6      | Reached XP level 9. HP: 72/75 MP: 8/13
  6875 | D:6      | Banished gonz's ghost
  6959 | D:4      | Bought an ivory scimitar for 234 gold pieces
  6959 | D:4      | Identified the +9 scimitar of Honour {drain, Str+8 Dex+6}
                  | (You bought it in a shop on level 4 of the Dungeon)
  7020 | D:7      | Found a basalt altar of Yredelemnul.
  7072 | D:7      | Found an iron altar of Okawaru.
  7074 | D:7      | Noticed Prince Ribbit
  7096 | D:7      | Banished Prince Ribbit
  7305 | D:7      | Found a flagged portal.
  7315 | Bailey   | Entered a bailey
  7631 | Bailey   | Reached skill level 1 in Crossbows
  7885 | Bailey   | Noticed an orc knight
  7888 | Bailey   | Reached XP level 10. HP: 76/84 MP: 6/15
  7888 | Bailey   | Banished an orc knight
  8178 | D:7      | Noticed a red ugly thing
  8186 | D:7      | Banished a red ugly thing
  8445 | D:7      | Gained mutation: You do not regenerate when monsters are
                  | visible. [potion of mutation]
  8445 | D:7      | Gained mutation: You are resistant to electric shocks.
                  | (rElec) [potion of mutation]
  8445 | D:7      | Gained mutation: You expend magic power (3 MP) to
                  | strengthen your wands. [potion of mutation]
  8446 | D:7      | Lost mutation: You do not regenerate when monsters are
                  | visible. [potion of mutation]
  8446 | D:7      | Lost mutation: You expend magic power (3 MP) to strengthen
                  | your wands. [potion of mutation]
  8446 | D:7      | Gained mutation: You have large cloven feet. [potion of
                  | mutation]
  8446 | D:7      | Gained mutation: You are dopey. (Int -2) [potion of
                  | mutation]
  8446 | D:7      | Gained mutation: You are agile. (Dex +2) [potion of
                  | mutation]
  8656 | D:8      | Found an opulent altar of Gozag.
  8970 | D:8      | Learned a level 3 spell: Ozocubu's Armour
  9170 | D:8      | Found a white marble altar of Elyvilon.
  9239 | D:9      | Noticed Erica
  9451 | D:9      | Killed Erica
  9452 | D:9      | Reached skill level 1 in Ice Magic
  9501 | D:9      | Reached skill level 1 in Spellcasting
  9504 | D:9      | Noticed a rust devil
  9507 | D:9      | Noticed a rust devil
  9517 | D:9      | Reached skill level 5 in Crossbows
  9677 | D:9      | Reached XP level 11. HP: 92/92 MP: 18/18
  9746 | D:9      | Reached **** piety under Lugonu
  9920 | D:9      | Found Visei's Weapon Shop.
  9922 | D:9      | Identified the +9 whip "Ocepehal" {vorpal, rC+}
 10162 | D:10     | Entered Level 10 of the Dungeon
 10313 | D:10     | Found a burning altar of Makhleb.
 10422 | D:10     | Found a transporter.
 10429 | D:10     | Noticed Heedrag's ghost (novice DECj)
 10437 | D:10     | Found a transporter.
 10448 | D:10     | Found the +3 hat of Pondering {ponderous, Will+ MP+10
                  | Int+5}
 10529 | D:10     | Found a snail-covered altar of Cheibriados.
 10653 | D:10     | Noticed a two-headed ogre
 10654 | D:10     | Banished a two-headed ogre
 11010 | D:10     | Demolished by a wyvern

Illustrated notes

Levels and vault maps discovered:
D:1:      wander_arrival_estate, layout_basic, chequers_ecumenical_altar_island
D:2:      layout_loops_ring, minmay_misc_feat_hallway, minmay_hexomino_f4
D:3:      layout_rooms, nicolae_overflow_crystal_walls,
          mainiacjoe_overflow_concentric_impassable,
          pdpol_wu_jian_five_deadly_venoms, uniq_natasha, uniq_sigmund,
          uniq_jessica
D:4:      layout_loops_ring, mainiacjoe_overflow_alcove_2, serial_shops,
          nicolae_shop_overgrown_old_shop
D:5:      layout_gridville, nicolae_ru_great_annihilating_truth, serial_shops,
          kennysheep_mini_moat, serial_park_tiny_pond, kennysheep_donut
D:6:      layout_layer_cave, nicolae_qazlal_eye_of_the_storm,
          mainiacjoe_overflow_boulevard, minmay_temple_entry_butterflies,
          gammafunk_ghost_grave, hangedman_abyss_or_decor_passed,
          minmay_chambers_of_fives
D:7:      layout_cave_pools, okawaru_ov_weapons_minmay,
          yredelemnul_altar_generic, enter_bailey_5, kennysheep_generic_room_3,
          uniq_prince_ribbit1
D:8:      layout_basic, grunt_gozag_statues, nicolae_overflow_hidden_temple,
          chequers_serial_rivers_micro_e
D:9:      layout_roguey [special_room_kobold], serial_shops,
          nicolae_stop_n_shop_2, uniq_erica
D:10:     layout_gridville, makhleb_altar_promises_db, slow_altar_2,
          gammafunk_ghost_berserking_beasts

Skill      XL: |  1  2  3  4  5  6  7  8  9 10 11 |
---------------+----------------------------------+-----
Long Blades    | 3 4 5 6 7 8 9 |  9.2
Fighting       | 4 5 6 7 |  7.7
Dodging        | 3 4 5 6 |  6.8
Shields        | 1 3 4 |  4.4
Invocations    | 3 4 5 7 9 |  9.7
Crossbows      | 2 5 |  5.1
Ice Magic      | 1 2 |  2.9
Spellcasting   | 2 3 |  3.2
Stealth        | |  0.1
Evocations     | |  0.5

Action                   |  1- 3 |  4- 6 |  7- 9 | 10-12 || total
-------------------------+-------+-------+-------+-------++-------
Melee: Falchion          |   119 |   124 |   204 |       ||   447
       Tailslap          |     7 |    10 |    36 |    19 ||    72
       Scimitar          |       |       |    21 |    90 ||   111
       Kick              |       |       |       |    36 ||    36
 Fire: Hand crossbow     |       |       |    83 |    98 ||   181
Invok: Depart the Abyss  |     1 |       |       |       ||     1
       Banish            |       |       |     8 |     7 ||    15
 Abil: Breathe Steam     |       |       |    13 |     5 ||    18
Evoke: Wand              |       |     3 |       |       ||     3
  Use: Scroll            |     4 |     4 |     3 |     3 ||    14
       Potion            |     1 |     2 |       |     3 ||     6
 Stab: Sleeping          |     2 |       |     1 |       ||     3
Armor: Skin              |    52 |    43 |    87 |    62 ||   244
Dodge: Dodged            |    62 |    86 |   214 |   154 ||   516
Block: Buckler           |    22 |    27 |    76 |    58 ||   183

Table legend: (Time is in decaauts)
 A = Elapsed time spent in this place.
 B = Non-inter-level travel time spent in this place.
 C = Inter-level travel time spent in this place.
 D = Time resting spent in this place.
 E = Time spent auto-exploring this place.
 F = Levels seen in this place.
 G = Mean time per level.
                   A        B        C        D        E       F      G
               +--------+--------+--------+--------+--------+-----+--------+
         Total |  11150 |  10761 |    389 |   1440 |   6898 |  13 |  857.7 |
       Dungeon |  10316 |   9927 |    389 |   1175 |   6875 |  10 | 1031.6 |
         Abyss |     74 |     74 |      0 |      0 |     14 |   2 |   37.0 |
        Bailey |    759 |    759 |      0 |    265 |      9 |   1 |  759.0 |
               +--------+--------+--------+--------+--------+-----+--------+

Top non-repeatable levels by time:
     D:3: 1418 daAuts
     D:2: 1284 daAuts
     D:5: 1275 daAuts
     D:6: 1205 daAuts
     D:1: 1115 daAuts
     D:8: 974 daAuts
    D:10: 846 daAuts
  Bailey: 759 daAuts
     D:4: 738 daAuts
     D:7: 730 daAuts
     D:9: 726 daAuts
 Abyss:2: 47 daAuts
 Abyss:1: 27 daAuts
